 Dungeon Crawl Stone Soup version 0.31-a0-810-ga77100ea1a (webtiles) character file.

Game seed: 18240872395861840244

928 LeprechaunX the Changeling (level 8, -6/81 HPs)
             Began as an Octopode Shapeshifter on Sept 21, 2023.
             Engulfed by a steam dragon's steam (10 damage)
             ... on level 5 of the Dungeon.
             The game lasted 00:05:11 (4154 turns).

LeprechaunX the Changeling (Octopode Shapeshifter)  Turns: 4154, Time: 00:05:11

Health: -6/81      AC: 24    Str: 16    XL:     8   Next: 11%
Magic:  8/8        EV:  2    Int: 12    God:
Gold:   293        SH:  0    Dex: 11    Spells: 7/7 levels left

rFire   . .          .
                       - Unarmed
rCold   + . .        (no shield)
rNeg    . . .        (helmet currently unavailable)
rPois   +            (no amulet)
rElec   .            k - ring of protection from cold
rCorr   .            (no ring)
SInv    .            (no ring)
Will    .....        (no ring)
Stlth   +            (no ring)
HPRegen 0.33/turn    (no ring)
MPRegen 0.11/turn    (no ring)
                     (no ring)

%: no passive effects
@: tree-form
A: stationary, stasis, torment immunity, boosted hp, almost no armour,
(amphibious), 8 rings, (camouflage 1), (gelatinous body 1), (nimble swimmer 1),
(tentacles)
a: no special abilities


You were on level 5 of the Dungeon.
You were a tree.
You visited 1 branch of the dungeon, and saw 5 of its levels.

You collected 293 gold pieces.

Inventory:

Armour
 w - a +0 tower shield
Jewellery
 k - a ring of protection from cold (left branch)
Talismans
 b - a beast talisman
 c - a flux talisman
 g - a dragon-blood talisman
Wands
 y - a wand of flame (28)
Scrolls
 e - 8 scrolls of identify {unknown}
 f - a scroll of noise {unknown}
 h - a scroll of enchant armour {unknown}
 i - a scroll of acquirement {unknown}
 l - 2 scrolls of amnesia {unknown}
 m - a scroll of immolation {unknown}
 n - a scroll of poison {unknown}
 o - a scroll of torment {unknown}
 r - a scroll of teleportation {unknown}
 s - a scroll of revelation {unknown}
 v - 5 scrolls of vulnerability {unknown}
 x - a scroll of summoning {unknown}
Potions
 a - a potion of lignification
 d - a potion of ambrosia {unknown}
 j - a potion of invisibility {unknown}
 p - a potion of curing
 q - a potion of heal wounds {unknown}
 t - a potion of brilliance {unknown}
 u - 2 potions of attraction {unknown}


   Skills:
 + Level 4.4 Fighting
 - Level 2.2 Dodging
 + Level 5.3 Unarmed Combat
 * Level 6.5 Shapeshifting


You had 7 spell levels left.
You didn't know any spells.
Your spell library contained the following spells:

 Spells                   Type           Power      Damage    Failure   Level
 Magic Dart               Conj           0%         1d3       32%         1
 Searing Ray              Conj           0%         2d4       45%         2
 Fulminant Prism          Conj/Hex       0%         3d5       97%         4


Dungeon Overview and Level Annotations

Branches:
Dungeon (5/15)
 Temple: D:4-7

Altars:
Dithmenos
Elyvilon
Makhleb
Ru
Uskayaw
Vehumet


Innate Abilities, Weirdness & Mutations

You are a tree.
Your roots penetrate the ground, keeping you stationary.
You cannot be teleported.
You are immune to unholy pain and torment.
Your maximum health is greatly increased.
You cannot wear most types of armour.
((You are amphibious.))
You can wear up to eight rings at the same time.
((Your skin changes colour to match your surroundings (Stealth+).))
((Your rubbery body absorbs attacks. (AC +1, EV +1)))
((You are camouflaged when in or above water. (Stealth+)))
((You have tentacles for arms and can constrict up to eight enemies at once.))


Message History

A steam dragon is nearby!
The steam dragon breathes steam at you. The ball of steam hits you!!
Something shouts, "Remove thy stench, thou droning hasty-witted flax-wench!"
You hear an angry growl.
The steam dragon bites you but does no damage.
The steam dragon claws you.
You tentacle-slap the steam dragon.
Your tentacle-slap misses the steam dragon.
Your squeeze misses the steam dragon.
The steam dragon is lightly wounded.
The steam dragon bites you! The steam dragon closely misses you.
You are too injured to fight recklessly!
You are too injured to fight recklessly!
You are too injured to fight recklessly!
You tentacle-slap the steam dragon.
You squeeze the steam dragon, but do no damage.
The steam dragon is moderately wounded.
You are engulfed in a cloud of scalding steam.
You bludgeon the steam dragon! You squeeze the steam dragon.
The steam dragon is severely wounded.
You are engulfed in a cloud of scalding steam.
* * * LOW HITPOINT WARNING * * *
The steam dragon bites you!
* * * LOW HITPOINT WARNING * * *
The steam dragon closely misses you.
A white imp comes into view.
Your transformation has ended.
You turn into a tree.
Your roots penetrate the ground.
The steam dragon breathes steam at you.
The ball of steam hits you but does no damage.
You closely miss the steam dragon.
The steam dragon is severely wounded.
You are engulfed in a cloud of scalding steam.
The steam dragon bites you but does no damage.
The steam dragon claws you but does no damage.
You hit the steam dragon.
The steam dragon is almost dead.
You are engulfed in a cloud of scalding steam.
You die...

#.# #######...##.####.# #.#
.............# #.# #.# # # ##
#####...#### #.# #.## #..#.#
########.## #.# #..# .#...
.........########.# ##.# ...
..###............# #.# #.# #.#
#.#########..# #.# ##.#####D#
#. #........# #.# #...5...♣#
#. #.........
#.#####..##...####.#
.......<##
#........##..................#
#######.###...####.##........#
#.# ##$## #. ........# #.# #.#
#....#### #.# #.# #.#.. #.#
#.# #.#.. #.# #.# #.#


You could see a steam dragon (catching breath) and a white imp.

Vanquished Creatures
  Grinder (D:3)
  Prince Ribbit (D:5)
  A water moccasin (D:5)
  2 phantoms (D:5)
  A howler monkey (D:4)
  A hound (D:5)
  Jessica (D:2)
  7 gnolls
  3 adders
  An ufetubus (D:5)
  2 worms (D:3)
  2 dart slugs
  6 orcs
  8 ball pythons
  7 bats
  3 endoplasms
  4 giant cockroaches
  5 goblins
  9 hobgoblins
  4 jackals (D:3)
  A quokka (D:3)
  4 frilled lizards
  4 kobolds
  5 rats
83 creatures vanquished.

Notes
Turn   | Place    | Note
-------+----------+-------------------------------------------
     0 | D:1      | LeprechaunX the Octopode Shapeshifter began the quest for
                  | the Orb.
     0 | D:1      | Reached XP level 1. HP: 13/13 MP: 1/1
   244 | D:1      | Reached XP level 2. HP: 17/18 MP: 2/2
   959 | D:2      | Reached XP level 3. HP: 17/23 MP: 3/3
  1213 | D:2      | Noticed Jessica
  1217 | D:2      | Killed Jessica
  1218 | D:2      | Reached XP level 4. HP: 29/29 MP: 4/4
  1411 | D:2      | Reached skill level 4 in Shapeshifting
  1535 | D:3      | Noticed Grinder
  1541 | D:3      | Paralysed by Grinder for 3 turns
  1551 | D:3      | Paralysed by Grinder for 3 turns
  1580 | D:3      | Killed Grinder
  1581 | D:3      | Reached XP level 5. HP: 26/36 MP: 5/5
  1581 | D:3      | Reached XP level 6. HP: 30/42 MP: 6/6
  1758 | D:3      | Reached skill level 5 in Shapeshifting
  2189 | D:3      | Found a white marble altar of Elyvilon.
  2190 | D:3      | Found a sacrificial altar of Ru.
  2190 | D:3      | Found a radiant altar of Vehumet.
  2190 | D:3      | Found a hide-covered altar of Uskayaw.
  2190 | D:3      | Found a burning altar of Makhleb.
  2195 | D:3      | Found a shadowy altar of Dithmenos.
  3099 | D:5      | Entered Level 5 of the Dungeon
  3193 | D:5      | Reached XP level 7. HP: 36/46 MP: 7/7
  3244 | D:5      | Noticed a steam dragon
  3784 | D:5      | Noticed Prince Ribbit
  3792 | D:5      | Killed Prince Ribbit
  3793 | D:5      | Reached skill level 5 in Unarmed Combat
  3793 | D:5      | Reached skill level 6 in Shapeshifting
  3793 | D:5      | Reached XP level 8. HP: 44/54 MP: 8/8
  4151 | D:5      | HP: 2/54 [steam dragon (8)]
  4154 | D:5      | Engulfed by a steam dragon's steam

Illustrated notes

Levels and vault maps discovered:
D:1:      lemuel_arrival_hallway, layout_loops_corners
D:2:      layout_rooms, serial_bayou, serial_bayou_shore_a,
          serial_bayou_lagoon_b, serial_bayou_pond_e, serial_bayou_pond_d,
          uniq_jessica
D:3:      layout_basic, minitemple, uniq_grinder
D:4:      layout_cave_pools, minivault_19
D:5:      layout_loops_ring, uniq_prince_ribbit1

Skill      XL: |  1  2  3  4  5  6  7 |
---------------+----------------------+-----
Fighting       | 2 3 4 |  4.4
Shapeshifting  | 4 5 6 |  6.5
Unarmed Combat | 4 5 |  5.3
Dodging        | |  2.2

Action                     |  1- 3 |  4- 6 |  7- 9 || total
---------------------------+-------+-------+-------++-------
  Melee: Unarmed           |    46 |    85 |    49 ||   180
         Constrict         |    15 |    19 |    11 ||    45
         Tentacles         |    10 |    19 |    11 ||    40
         Punch             |       |     3 |     3 ||     6
    Use: Potion            |       |     1 |     2 ||     3
   Stab: Sleeping          |     7 |     7 |       ||    14
 Armour: Skin              |    16 |    37 |    31 ||    84
  Dodge: Dodged            |    17 |    46 |    33 ||    96

Table legend: (Time is in decaauts)
 A = Elapsed time spent in this place.
 B = Non-inter-level travel time spent in this place.
 C = Inter-level travel time spent in this place.
 D = Time resting spent in this place.
 E = Time spent auto-exploring this place.
 F = Levels seen in this place.
 G = Mean time per level.
                   A        B        C        D        E       F      G
               +--------+--------+--------+--------+--------+-----+--------+
         Total |   4138 |   4044 |     94 |    437 |   2956 |   5 |  827.6 |
       Dungeon |   4138 |   4044 |     94 |    437 |   2956 |   5 |  827.6 |
               +--------+--------+--------+--------+--------+-----+--------+

Top non-repeatable levels by time:
     D:5: 1049 daAuts
     D:3: 950 daAuts
     D:1: 833 daAuts
     D:2: 687 daAuts
     D:4: 618 daAuts
